 Dungeon Crawl Stone Soup version 0.27-a0-1555-g0e7b3fb1d2 (webtiles) character file.

Game seed: 12928256673899169599

104798 wakim the Thaumaturge (level 15, -1/88 HPs)
             Began as a Deep Elf Ice Elementalist on July 14, 2021.
             Was a High Priest of Vehumet.
             Shot with a bolt by a yaktaur (18 damage)
             ... on level 15 of the Dungeon.
             The game lasted 01:58:01 (36212 turns).

wakim the Thaumaturge (Deep Elf Ice Elementalist)  Turns: 36212, Time: 01:58:02

Health: -1/88      AC: 19    Str:  9    XL:     15   Next: 92%
Magic:  28/35      EV: 17    Int: 31    God:    Vehumet [*****.]
Gold:   1152       SH: 10    Dex: 15    Spells: 8/42 levels left

rFire    . . .     SeeInvis +   a - +6 rapier (drain)
rCold    + . .     Faith    .   i - +0 buckler
rNeg     . . .     Spirit   .   d - +1 leather armour "Elaihigh" {rElec rPois Regen+ Str+4 Int-3}
rPois    +         Reflect  +   c - +2 helmet "Ywnah" {Int+7}
rElec    +         Harm     .   j - +0 cloak
rCorr    .         Rampage  .   g - +2 pair of gloves {Stlth+}
Will     +....                  t - +2 pair of boots
Stlth    +++.......             y - amulet of reflection
HPRegen  1.24/turn              s - +4 ring of protection
MPRegen  0.24/turn              q - ring of Kiukisus {rC+ SInv}

@: unable to drink, studying 3 skills
A: no potions
a: Renounce Religion


You were on level 15 of the Dungeon.
You worshipped Vehumet.
Vehumet was extremely pleased with you.
You visited 3 branches of the dungeon, and saw 23 of its levels.

You collected 2364 gold pieces.
You spent 1212 gold pieces at shops.

Inventory:

Hand Weapons
 a - a +6 rapier of draining (weapon)
 b - the +5 short sword "Aseffere" {vamp, Str+3}
   (You found it on level 11 of the Dungeon)

   It occasionally heals its wielder for a portion of the damage dealt when it
   wounds a living foe.
   Str:       It affects your strength (+3).
Missiles
 h - 8 curare-tipped darts {=f}
 n - 4 throwing nets {=f!f}
 o - 2 atropa-tipped darts
Armour
 c - the +2 helmet "Ywnah" (worn) {Int+7}
   (You bought it in a shop on level 7 of the Dungeon)

   Int:       It affects your intelligence (+7).
 d - the +1 leather armour "Elaihigh" (worn) {rElec rPois Regen+ Str+4 Int-3}
   (You bought it in a shop on level 2 of the Orcish Mines)

   Str:       It affects your strength (+4).
   Int:       It affects your intelligence (-3).
   rElec:     It insulates you from electricity.
   rPois:     It protects you from poison.
   Regen:     It increases your rate of health regeneration.
 g - a +2 pair of gloves of stealth (worn)
 i - a +0 buckler (worn)
 j - a +0 cloak (worn)
 k - a +2 robe of willpower
 l - a +2 robe of resistance
 t - a +2 pair of boots (worn)
Jewellery
 f - a ring of protection from fire
 p - a ring of ice
 q - the ring of Kiukisus (right hand) {rC+ SInv}
   (You found it on level 10 of the Dungeon)

   [ring of see invisible]

   rC:        It protects you from cold.
   SInv:      It lets you see invisible.
 s - a +4 ring of protection (left hand)
 y - an amulet of reflection (around neck)
 z - the ring "Jiblug" {rPois rCorr Str+3 Dex-4}
   (You found it on level 14 of the Dungeon)

   [ring of resist corrosion]

   Str:       It affects your strength (+3).
   Dex:       It affects your dexterity (-4).
   rPois:     It protects you from poison.
   rCorr:     It protects you from acid and corrosion.
Wands
 e - a wand of charming (20)
 u - a wand of mindburst (51)
 v - a wand of flame (66)
 w - a wand of acid (8)
 x - a wand of iceblast (4)
Scrolls
 m - 4 scrolls of enchant weapon
 r - 15 scrolls of identify
 R - 2 scrolls of magic mapping {!r}
 S - a scroll of summoning
 T - 6 scrolls of teleportation
 U - 4 scrolls of fear
 W - a scroll of holy word
 X - 4 scrolls of fog
 Y - 4 scrolls of blinking {!r}
 Z - 2 scrolls of silence {!r}
Potions
 A - a potion of ambrosia
 B - 3 potions of attraction {!q}
 C - 2 potions of berserk rage {!q}
 D - 4 potions of brilliance
 E - a potion of cancellation
 F - 5 potions of curing
 G - 2 potions of flight
 H - 5 potions of haste
 I - a potion of invisibility
 J - 2 potions of heal wounds
 K - a potion of magic
 L - 2 potions of lignification {!q}
 M - 5 potions of mutation {!q}
 N - 6 potions of might
 O - a potion of resistance


   Skills:
 + Level 8.3 Fighting
 + Level 9.8 Short Blades
 - Level 4.0 Armour
 - Level 12.0 Dodging
 - Level 2.4 Stealth
 - Level 4.0 Shields
 * Level 14.4 Spellcasting
 - Level 10.0 Conjurations
 - Level 10.0 Translocations
 - Level 4.0 Fire Magic
 + Level 13.4 Ice Magic
 - Level 8.0 Air Magic
 - Level 6.0 Earth Magic


You had 8 spell levels left.
You knew the following spells:

 Your Spells              Type           Power      Damage    Failure   Level
a - Ozocubu's Refrigerat  Ice            41%        4d13      2%          7
b - Frozen Ramparts       Ice            100%       1d12      1%          3
c - Ozocubu's Armour      Ice            82%        N/A       1%          3
d - Dispersal             Tloc           35%        N/A       7%          6
f - Iron Shot             Conj/Erth      32%        9d7       4%          6
q - Sticky Flame          Conj/Fire      60%        2d8       1%          4
s - Swiftness             Air            64%        N/A       1%          3
Q - Passwall              Tmut/Erth      34%        N/A       1%          2

Your spell library contained the following spells:

 Spells                   Type           Power      Damage    Failure   Level
 Lightning Bolt           Conj/Air       33%        1d51      1%          5
 Freeze                   Ice            100%       1d11      0%          1
 Sandblast                Erth           100%       2d20      1%          1
 Shock                    Conj/Air       100%       1d9       1%          1
 Blink                    Tloc           N/A        N/A       1%          2
 Corpse Rot               Necr/Air       N/A        N/A       1%          2
 Static Discharge         Conj/Air       67%        N/A       1%          2
 Gell's Gravitas          Tloc           35%        N/A       1%          3
 Inner Flame              Hex/Fire       34%        N/A       1%          3
 Lesser Beckoning         Tloc           35%        N/A       1%          3
 Stone Arrow              Conj/Erth      100%       3d13      1%          3
 Teleport Other           Tloc           71%        N/A       1%          3
 Hailstorm                Conj/Ice       76%        3d16      1%          4
 Passage of Golubria      Tloc           N/A        N/A       1%          4
 Iskenderun's Battlesphe  Conj           71%        2d12      1%          5
 Lee's Rapid Deconstruct  Erth           28%        3d16*     1%          5
 Manifold Assault         Tloc           71%        N/A       1%          5
 Corona                   Hex            24%        N/A       2%          1
 Slow                     Hex            22%        N/A       4%          2
 Tukima's Dance           Hex            22%        N/A       9%          3
 Yara's Violent Unravell  Hex/Tmut       11%        3d6       21%         5
 Animate Dead             Necr           11%        N/A       28%         4
 Cause Fear               Hex            11%        N/A       28%         4
 Dispel Undead            Necr           22%        3d12      28%         4
 Spellforged Servitor     Conj/Summ      26%        N/A       58%         7
 Death Channel            Necr           11%        N/A       99%         6
 Invisibility             Hex            11%        N/A       99%         6
 Haunt                    Necr/Summ      11%        N/A       100%        7
 Discord                  Hex            11%        N/A       100%        8
 Infestation              Necr           11%        N/A       100%        8


Dungeon Overview and Level Annotations

Branches:
Dungeon (15/15)            Temple (0/1) D:6            Lair (6/6) D:11
 Shoals (0/4) Lair:3        Snake (0/4) Lair:4        Slime (0/5) Lair:6
    Orc (2/2) D:10            Elf (0/3) Orc:2        Vaults (0/5) D:14
 Depths (0/5) D:15

Altars:
Cheibriados
Dithmenos
Elyvilon
Gozag
Hepliaklqana
Makhleb
Qazlal
Ru
Trog
Vehumet
Wu Jian
Xom
Zin
The Shining One
Beogh

Shops:
D:4 !   D:7 [   D:10 ?   Orc:1 ??   Orc:2 *?*?

Annotations:
D:13 3 runed translucent doors, Plog's ghost, journeyman DsBe


Message History

You feel your power returning.
The yaktaur wields a +0 arbalest.
The yaktaur shoots a bolt.
You reflect the bolt off an invisible shield around you!
The bolt hits the yaktaur!!
Unknown command.
Unknown command.
A yaktaur comes into view. x2
The yaktaur shoots a bolt.
You reflect the bolt off an invisible shield around you!
The bolt hits the yaktaur!
Items here: $ ( )).
A yaktaur comes into view.
The yaktaur wields a +0 arbalest.
The yaktaur shoots a bolt.
The bolt hits you!
The yaktaur shoots a bolt.
The bolt hits you!
The yaktaur shoots a bolt.
The bolt hits you!
The yaktaur shoots a bolt.
You reflect the bolt off an invisible shield around you!
The bolt hits the yaktaur!
The yaktaur shoots a bolt.
The bolt hits you!!
* * * LOW HITPOINT WARNING * * *
The yaktaur wields a +0 arbalest.
The yaktaur shoots a bolt.
The bolt hits you!
* * * LOW HITPOINT WARNING * * *
The yaktaur shoots a bolt.
The bolt misses you.
A yaktaur comes into view.
You are too injured to fight recklessly!
Casting: Sticky Flame (safe; 1% risk of failure)
Confirm with . or Enter, or press ? or * to list all spells.
The heat is drained from your surroundings.
You feel very cold.
The yaktaurs are frozen.
The yaktaur is heavily wounded.
You kill the yaktaur!
Vehumet accepts your kill.
The yaktaur is almost dead.
The yaktaur is severely wounded.
The yaktaur is heavily wounded.
The yaktaur wields a +2 vorpal arbalest.
The yaktaur shoots a bolt.
The bolt barely misses you.
The yaktaur shoots a bolt.
The bolt hits you!
* * * LOW HITPOINT WARNING * * *
The yaktaur shoots a bolt.
The bolt hits you!!
You die...

#######..#.#)#[#.#..####. #.
#.....#.)..#.##[.. .o
#####.#....#..#### .#
+.....#....#c..#.##Z# . .
#.....#....#......#.# #.#
#.....######cc...##(# #.#
#...........)c....## ###. R ###
#..................##$CW
..###+#.........@......#..#### .
..#...+................##..#.##.#
..#...#................###....#.+
..#...#......).........# ##..##?#
..#'###................# #...###
#...........###'######## #....#.
#...........'....# #......
+...........#....# #.....#
#...........############ #.....#


You could see 4 yaktaurs.

Vanquished Creatures
  A very ugly thing (D:13)
  A stone giant (D:10)
  The ghost of Torax the Destroyer, a journeyman OpWr of Ashenzari (Lair:6)
  The ghost of Tudadon the Martial Artist, a journeyman OpTm of Makhleb (Lair:2)
  The ghost of Piyg the Cleaver, a journeyman DsGl of Okawaru (Lair:2)
  2 ettins
  A fire dragon (Lair:6)
  A yaktaur captain (D:10)
  5 boulder beetles
  10 hydras
  Harold (D:7)
  A vault guard (D:14)
  A catoblepas (D:10)
  3 centaur warriors
  A tengu warrior (D:15)
  6 two-headed ogres
  9 death yaks
  Urug (D:12)
  A fire crab (shapeshifter) (D:13)
  A deep troll (D:15)
  A deep elf archer (D:10)
  A glowing orange brain (D:13)
  3 wizards
  2 lindwurms (Lair:6)
  16 orc knights
  A harpy (D:10)
  2 necromancers
  14 ugly things
  2 orc sorcerers
  2 oklob plants
  3 cyclopes
  2 manticores
  5 centaur zombies
  4 black mambas
  A torpor snail (Lair:6)
  3 molten gargoyles (Lair:6)
  7 elephants
  14 cane toads
  5 kobold demonologists
  3 gargoyles
  2 yaktaurs
  Psyche (D:11)
  An efreet (D:14)
  21 komodo dragons
  3 rime drakes
  A freezing wraith (D:14)
  4 trolls
  2 polar bears (Lair:6)
  A hornet (D:10)
  A dream sheep (Lair:6)
  12 slime creatures
  15 blink frogs
  Grinder (D:3)
  A snapping turtle (Lair:3)
  Sigmund (D:2)
  28 yaks
  9 wyverns
  A wraith (D:8)
  Grum (D:8)
  19 humans (D:14)
  3 vampire mosquitoes (D:13)
  5 basilisks
  A naga (shapeshifter) (D:10)
  2 steam dragons
  5 wargs (Orc:2)
  3 nagas (Lair:4)
  An acid dragon (D:9)
  5 hell hounds (Lair:6)
  15 water moccasins
  37 orc warriors
  4 black bears
  A sky beast (D:5)
  An ice beast (D:7)
  A swamp drake (D:10)
  5 ogres
  25 wolves
  2 necrophages
  7 centaurs
  3 kobold brigands
  11 bullfrogs
  A gnoll sergeant (D:7)
  3 scorpions (D:5)
  A water moccasin zombie (D:5)
  A water moccasin skeleton (D:7)
  6 killer bees
  3 wights (D:8)
  2 electric eels
  A howler monkey (D:7)
  5 lava snakes (Lair:6)
  A bullfrog zombie (D:6)
  11 hounds
  A centaur skeleton (D:7)
  14 orc priests
  14 jellies
  A bullfrog skeleton (D:4)
  An iguana (D:5)
  Terence (D:3)
  Natasha (thrice) (D:3)
  19 orc wizards
  A scorpion zombie (D:5)
  2 killer bee zombies
  A howler monkey zombie (D:11)
  Robin (D:1)
  A howler monkey skeleton (D:7)
  8 adders
  A shadow imp (D:8)
  2 white imps
  An adder skeleton (D:4)
  A worm (D:5)
  A dart slug (D:10)
  97 orcs
  5 ball pythons
  4 bats
  8 endoplasms
  2 giant cockroaches (D:1)
  14 goblins
  12 hobgoblins
  6 jackals
  12 kobolds
  3 quokkas
  6 frilled lizards
  A quokka skeleton (D:4)
  7 rats
688 creatures vanquished.

Vanquished Creatures (others)
  A bush (Lair:2)
  31 fungi
  68 plants
  6 withered plants (Lair:2)
106 creatures vanquished.

Grand Total: 794 creatures vanquished

Notes
Turn   | Place    | Note
-------+----------+-------------------------------------------
     0 | D:1      | wakim the Deep Elf Ice Elementalist began the quest for the
                  | Orb.
     0 | D:1      | Reached XP level 1. HP: 10/10 MP: 6/6
   243 | D:1      | Reached XP level 2. HP: 15/15 MP: 6/8
   272 | D:1      | Reached skill level 5 in Ice Magic
   333 | D:1      | Found a faded altar of an unknown god.
   948 | D:2      | Noticed Robin
   951 | D:2      | Reached XP level 3. HP: 19/19 MP: 7/9
   962 | D:1      | Killed Robin
   967 | D:1      | Learned a level 3 spell: Frozen Ramparts
   971 | D:1      | Learned a level 3 spell: Ozocubu's Armour
  1494 | D:2      | Reached XP level 4. HP: 24/24 MP: 4/10
  1681 | D:2      | Noticed Sigmund
  2601 | D:3      | Noticed Terence
  2808 | D:3      | Noticed Natasha
  2817 | D:3      | Killed Natasha
  2830 | D:3      | Noticed Natasha
  2839 | D:3      | Killed Natasha
  2840 | D:3      | Reached XP level 5. HP: 24/28 MP: 9/11
  2968 | D:3      | Noticed Natasha
  2975 | D:3      | Killed Natasha
  3167 | D:3      | Noticed Grinder
  3252 | D:3      | Killed Terence
  3703 | D:3      | Found a radiant altar of Vehumet.
  4153 | D:4      | Reached skill level 1 in Shields
  4153 | D:4      | Reached XP level 6. HP: 28/32 MP: 8/13
  5025 | D:4      | Found Cuut's Distillery.
  5028 | D:4      | Bought a potion of flight for 33 gold pieces
  5063 | D:3      | Became a worshipper of Vehumet
  5068 | D:4      | Identified a scroll of acquirement
  5068 | D:4      | Acquired a +2 pair of gloves of stealth
  5111 | D:5      | Entered Level 5 of the Dungeon
  5126 | D:5      | Reached skill level 4 in Spellcasting
  5214 | D:5      | Found a sacrificial altar of Ru.
  5381 | D:5      | Reached XP level 7. HP: 35/36 MP: 8/15
  5492 | D:5      | Reached skill level 5 in Spellcasting
  5806 | D:5      | Found a shimmering altar of Xom.
  5807 | D:5      | Found a hazy altar of Hepliaklqana.
  5808 | D:5      | Noticed a spectral ugly thing
  6261 | D:5      | Reached skill level 1 in Short Blades
  6495 | D:5      | Reached skill level 1 in Fighting
  6517 | D:5      | Reached XP level 8. HP: 30/44 MP: 12/17
  6679 | D:5      | Found a stormy altar of Qazlal.
  7050 | D:6      | Found an ornate altar of the Wu Jian Council.
  7050 | D:6      | Found a white marble altar of Elyvilon.
  7182 | D:6      | Found a staircase to the Ecumenical Temple.
  7221 | D:6      | Found a burning altar of Makhleb.
  7228 | D:6      | Reached skill level 5 in Dodging
  7382 | D:6      | Acquired a There-And-Back Book
  7617 | D:7      | Reached * piety under Vehumet
  7617 | D:7      | Offered knowledge of Shock by Vehumet.
  7662 | D:7      | Reached skill level 1 in Conjurations
  7662 | D:7      | Reached skill level 1 in Translocations
  7798 | D:7      | Reached XP level 9. HP: 12/52 MP: 11/18
  8015 | D:7      | Noticed a two-headed ogre
  8295 | D:7      | Learned a level 1 spell: Shock
  8299 | D:7      | Learned a level 3 spell: Swiftness
  8373 | D:7      | Noticed Harold
  8660 | D:7      | Killed a two-headed ogre
  8661 | D:7      | Reached skill level 5 in Fighting
  8969 | D:7      | Found an opulent altar of Gozag.
  9270 | D:7      | Found Oginoecuf's Antique Armour Shop.
  9275 | D:7      | Bought a smoking helmet for 209 gold pieces
  9275 | D:7      | Identified the +2 helmet "Ywnah" {Int+7} (You bought it in
                  | a shop on level 7 of the Dungeon)
  9843 | D:8      | Reached skill level 5 in Air Magic
  9883 | D:8      | Noticed Grum
  9890 | D:8      | Killed Grum
  9892 | D:8      | Reached XP level 10. HP: 59/59 MP: 10/19
 10502 | D:8      | Found a glowing silver altar of Zin.
 10514 | D:8      | Reached skill level 6 in Spellcasting
 10514 | D:8      | Reached ** piety under Vehumet
 10580 | D:8      | Offered knowledge of Static Discharge by Vehumet.
 10699 | D:8      | Learned a level 2 spell: Static Discharge
 11755 | D:10     | Entered Level 10 of the Dungeon
 11774 | D:10     | Reached skill level 5 in Short Blades
 11792 | D:10     | Noticed a harpy
 11792 | D:10     | Noticed a stone giant
 11793 | D:10     | Found a runed translucent door.
 11795 | D:10     | Noticed a deep elf archer
 11795 | D:10     | Noticed a catoblepas
 11795 | D:10     | Noticed a yaktaur captain
 11795 | D:10     | Noticed an orc knight
 11846 | D:10     | Noticed a fire crab
 11929 | D:10     | Found a bloodstained altar of Trog.
 11976 | D:10     | Found a snail-covered altar of Cheibriados.
 12151 | D:10     | Found a shadowy altar of Dithmenos.
 12736 | D:10     | Offered knowledge of Stone Arrow by Vehumet.
 12737 | D:10     | Reached XP level 11. HP: 56/64 MP: 22/22
 12741 | D:10     | Learned a level 3 spell: Stone Arrow
 12795 | D:10     | Found a staircase to the Orcish Mines.
 12814 | D:10     | Reached *** piety under Vehumet
 13189 | D:10     | Noticed a fire dragon
 13254 | D:10     | Noticed a sixfirhy
 13265 | D:10     | Reached skill level 5 in Translocations
 13265 | D:10     | Reached skill level 1 in Earth Magic
 13471 | D:10     | Noticed an anaconda
 13471 | D:10     | an anaconda changed into an eye of devastation
 13596 | D:11     | Noticed a boulder beetle
 13597 | D:11     | Reached skill level 10 in Ice Magic
 13861 | D:2      | Killed Sigmund
 13944 | D:3      | Killed Grinder
 14173 | D:7      | Killed Harold
 14505 | D:11     | Noticed Psyche
 14518 | D:11     | Killed Psyche
 14745 | D:11     | Noticed a boulder beetle
 14818 | D:11     | Found a staircase to the Lair.
 14819 | D:11     | Noticed a two-headed ogre
 14831 | D:11     | Killed a two-headed ogre
 14839 | D:11     | Offered knowledge of Ignite Poison by Vehumet.
 15463 | D:11     | Identified the +5 short sword "Aseffere" {vamp, Str+3}
 15517 | Lair:1   | Entered Level 1 of the Lair of Beasts
 15556 | Lair:1   | Reached skill level 5 in Conjurations
 15708 | Lair:1   | Noticed a four-headed hydra
 15721 | Lair:1   | Killed a four-headed hydra
 15962 | Lair:1   | Reached XP level 12. HP: 70/70 MP: 23/23
 16137 | Lair:1   | Reached skill level 5 in Earth Magic
 16311 | Lair:1   | Reached **** piety under Vehumet
 16325 | Lair:1   | Learned a level 4 spell: Sticky Flame
 16370 | Lair:1   | Noticed a five-headed hydra
 16389 | Lair:1   | Killed a five-headed hydra
 16634 | Lair:1   | Reached skill level 1 in Fire Magic
 16912 | Lair:1   | Offered knowledge of Yara's Violent Unravelling by Vehumet.
 17429 | Lair:2   | Noticed Tudadon's ghost (journeyman OpTm)
 17429 | Lair:2   | Noticed Piyg's ghost (journeyman DsGl)
 17429 | Lair:2   | Found a runed translucent gate.
 17429 | Lair:2   | Found a runed translucent gate.
 17429 | Lair:2   | Found a runed translucent gate.
 17644 | Lair:2   | Noticed a five-headed hydra
 17651 | Lair:2   | Killed a five-headed hydra
 18186 | Lair:2   | Noticed a death yak
 18191 | Lair:2   | Noticed a death yak
 18194 | Lair:2   | Noticed a death yak
 18311 | Lair:2   | Killed a death yak
 18319 | Lair:2   | Killed a death yak
 18321 | Lair:2   | Killed a death yak
 19915 | Lair:3   | Noticed a seven-headed hydra
 19928 | Lair:3   | Killed a seven-headed hydra
 20082 | Lair:3   | Noticed a five-headed hydra
 20092 | Lair:3   | Killed a five-headed hydra
 20093 | Lair:3   | Reached XP level 13. HP: 65/74 MP: 19/25
 20254 | Lair:3   | Found a staircase to the Shoals.
 20262 | Lair:3   | Reached skill level 7 in Spellcasting
 20362 | Lair:3   | Learned a level 6 spell: Dispersal
 20758 | Lair:2   | Killed Tudadon's ghost
 20760 | Lair:2   | Killed Piyg's ghost
 20957 | Lair:4   | Reached skill level 8 in Spellcasting
 21028 | Lair:4   | Found a staircase to the Snake Pit.
 23146 | Lair:5   | Learned a level 2 spell: Passwall
 23570 | Lair:6   | Entered Level 6 of the Lair of Beasts
 23619 | Lair:6   | Reached skill level 9 in Spellcasting
 23633 | Lair:6   | Noticed Torax's ghost (journeyman OpWr)
 23761 | Lair:6   | Found a runed translucent gate.
 23761 | Lair:6   | Found a runed translucent gate.
 23762 | Lair:6   | Found a runed translucent gate.
 23922 | Lair:6   | Found a staircase to the Slime Pits.
 23928 | Lair:6   | Reached ***** piety under Vehumet
 23928 | Lair:6   | Offered knowledge of Ozocubu's Refrigeration by Vehumet.
 24359 | Lair:6   | Found a snail-covered altar of Cheibriados.
 24401 | Lair:6   | Reached skill level 10 in Spellcasting
 24403 | Lair:6   | Reached skill level 10 in Translocations
 25436 | Lair:6   | Reached skill level 10 in Dodging
 25456 | Lair:6   | Reached XP level 14. HP: 61/80 MP: 26/30
 25615 | Lair:6   | Learned a level 7 spell: Ozocubu's Refrigeration
 25663 | Lair:6   | Reached skill level 10 in Conjurations
 26037 | Lair:6   | Found a large runed translucent door.
 26038 | Lair:6   | Found a large runed translucent door.
 26553 | Lair:6   | Killed Torax's ghost
 27284 | D:11     | Found a glowing golden altar of the Shining One.
 27522 | D:12     | Offered knowledge of Conjure Ball Lightning by Vehumet.
 28077 | D:12     | Reached skill level 11 in Spellcasting
 28077 | D:12     | Noticed Urug
 28296 | D:12     | Killed Urug
 28479 | D:12     | Acquired a book of Power
 28564 | D:12     | Got the Catalogue of Bewitchment
 29163 | D:13     | Reached skill level 1 in Armour
 29878 | D:13     | Found a runed translucent gate.
 29878 | D:13     | Found a runed translucent gate.
 29879 | D:13     | Found a runed translucent gate.
 29879 | D:13     | Noticed a purple very ugly thing
 30373 | D:10     | Noticed a shadow dragon
 30373 | D:10     | a shadow dragon changed into an alligator snapping turtle
 30376 | D:10     | Noticed a quicksilver dragon
 30376 | D:10     | an alligator snapping turtle changed into a quicksilver
                  | dragon
 30379 | D:10     | a quicksilver dragon changed into an alligator snapping
                  | turtle
 30391 | D:10     | Noticed a fire giant
 30391 | D:10     | an alligator snapping turtle changed into a fire giant
 30398 | D:10     | a fire giant changed into an alligator snapping turtle
 30399 | D:10     | Noticed a frost giant
 30399 | D:10     | an alligator snapping turtle changed into a frost giant
 30400 | D:10     | Noticed a sphinx
 30400 | D:10     | a frost giant changed into a sphinx
 30402 | D:10     | a sphinx changed into an iron troll
 30404 | D:10     | Noticed an azure jelly
 30404 | D:10     | an iron troll changed into an azure jelly
 30405 | D:10     | an azure jelly changed into an alligator snapping turtle
 30410 | D:10     | Noticed a fenstrider witch
 30410 | D:10     | an alligator snapping turtle changed into a fenstrider
                  | witch
 30412 | D:10     | a fenstrider witch changed into an alligator snapping
                  | turtle
 30413 | D:10     | Noticed an iron dragon
 30413 | D:10     | an alligator snapping turtle changed into an iron dragon
 30426 | D:10     | Noticed a golden dragon
 30426 | D:10     | an iron dragon changed into a golden dragon
 30427 | D:10     | Noticed an iron giant
 30427 | D:10     | a golden dragon changed into an iron giant
 30430 | D:10     | Noticed a caustic shrike
 30430 | D:10     | an iron giant changed into a caustic shrike
 30432 | D:10     | Noticed an iron dragon
 30432 | D:10     | a caustic shrike changed into an iron dragon
 30436 | D:10     | Noticed a caustic shrike
 30436 | D:10     | an iron dragon changed into a caustic shrike
 30440 | D:10     | Noticed a shadow dragon
 30440 | D:10     | a caustic shrike changed into a shadow dragon
 30441 | D:10     | Noticed a fire giant
 30441 | D:10     | a shadow dragon changed into a fire giant
 30443 | D:10     | Noticed a quicksilver dragon
 30443 | D:10     | a fire giant changed into a quicksilver dragon
 30448 | D:10     | Noticed a stone giant
 30448 | D:10     | a quicksilver dragon changed into a stone giant
 30452 | D:10     | Noticed a frost giant
 30452 | D:10     | a stone giant changed into a frost giant
 30453 | D:10     | Noticed a quicksilver dragon
 30453 | D:10     | a frost giant changed into a quicksilver dragon
 30465 | D:10     | Noticed a fire giant
 30465 | D:10     | a quicksilver dragon changed into a fire giant
 30468 | D:10     | Noticed an iron giant
 30468 | D:10     | a fire giant changed into an iron giant
 30472 | D:10     | Noticed a caustic shrike
 30472 | D:10     | an iron giant changed into a caustic shrike
 30473 | D:10     | Noticed a shadow dragon
 30473 | D:10     | a caustic shrike changed into a shadow dragon
 30478 | D:10     | Noticed a fire giant
 30478 | D:10     | a shadow dragon changed into a fire giant
 30480 | D:10     | a fire giant changed into an alligator snapping turtle
 30487 | D:10     | Noticed a quicksilver dragon
 30487 | D:10     | an alligator snapping turtle changed into a quicksilver
                  | dragon
 30488 | D:10     | Noticed a fenstrider witch
 30488 | D:10     | a quicksilver dragon changed into a fenstrider witch
 30489 | D:10     | a fenstrider witch changed into a death yak
 30497 | D:10     | Noticed an azure jelly
 30497 | D:10     | a catoblepas changed into an azure jelly
 30513 | D:10     | an azure jelly changed into a minotaur
 30535 | D:10     | Noticed a stone giant
 30535 | D:10     | an iron troll changed into a stone giant
 30536 | D:10     | Noticed a sphinx
 30536 | D:10     | a stone giant changed into a sphinx
 30538 | D:10     | Noticed a shadow dragon
 30538 | D:10     | a sphinx changed into a shadow dragon
 30543 | D:10     | Noticed an acid blob
 30543 | D:10     | a shadow dragon changed into an acid blob
 30544 | D:10     | Noticed a shadow dragon
 30544 | D:10     | an acid blob changed into a shadow dragon
 30548 | D:10     | Noticed a stone giant
 30548 | D:10     | a shadow dragon changed into a stone giant
 30553 | D:10     | a stone giant changed into an eleionoma
 30564 | D:10     | Noticed a fire giant
 30564 | D:10     | an eleionoma changed into a fire giant
 30566 | D:10     | a fire giant changed into an eleionoma
 30582 | D:10     | Noticed a storm dragon
 30582 | D:10     | a dire elephant changed into a storm dragon
 30584 | D:10     | a storm dragon changed into a dire elephant
 30683 | Orc:1    | Entered Level 1 of the Orcish Mines
 30705 | Orc:1    | Found Qoleeck's Magic Scroll Emporium.
 30711 | Orc:1    | Found Lenexewai's Magic Scroll Emporium.
 31273 | Orc:2    | Entered Level 2 of the Orcish Mines
 31346 | Orc:2    | Found a staircase to the Elven Halls.
 31500 | Orc:2    | Offered knowledge of Freezing Cloud by Vehumet.
 31536 | Orc:2    | Reached XP level 15. HP: 82/86 MP: 20/32
 31550 | Orc:2    | Reached skill level 12 in Spellcasting
 31704 | Orc:2    | Found Cootiy's Magic Scroll Shoppe.
 31704 | Orc:2    | Found Waliy's General Store.
 32897 | Orc:2    | Found Genneucw's General Store.
 32898 | Orc:2    | Found Riohus's Magic Scroll Shoppe.
 32979 | Orc:2    | Bought the +1 leather armour "Elaihigh" {rElec rPois Regen+
                  | Str+4 Int-3} for 409 gold pieces
 33040 | Orc:1    | Bought a scroll of fear for 45 gold pieces
 33040 | Orc:1    | Bought a scroll of fear for 45 gold pieces
 33040 | Orc:1    | Bought a scroll of fear for 45 gold pieces
 33048 | Orc:1    | Bought a scroll of blinking for 112 gold pieces
 33283 | D:4      | Bought a potion of curing for 33 gold pieces
 33283 | D:4      | Bought a potion of curing for 33 gold pieces
 33283 | D:4      | Bought a potion of curing for 33 gold pieces
 33283 | D:4      | Bought a potion of heal wounds for 55 gold pieces
 33283 | D:4      | Bought a potion of heal wounds for 55 gold pieces
 33500 | D:10     | Offered knowledge of Bolt of Magma by Vehumet.
 33532 | D:10     | Learned a level 6 spell: Iron Shot
 33620 | D:10     | Identified the +7 long sword of the Moon {freeze, Dex+2}
 33625 | D:10     | Identified the ring of Kiukisus {rC+ SInv}
 33669 | D:10     | Found Odiafe's Magic Scroll Shop.
 33672 | D:10     | Bought a scroll of blinking for 105 gold pieces
 33801 | D:13     | Reached skill level 13 in Spellcasting
 33902 | D:13     | Found a runed translucent gate.
 33902 | D:13     | Found a runed translucent gate.
 33909 | D:13     | Found a runed translucent gate.
 33909 | D:13     | Noticed Plog's ghost (journeyman DsBe)
 34883 | D:14     | Identified the ring "Jiblug" {rPois rCorr Str+3 Dex-4}
 35063 | D:14     | Found a gate to the Vaults.
 35066 | D:14     | Reached skill level 14 in Spellcasting
 35291 | D:15     | Entered Level 15 of the Dungeon
 35593 | D:15     | Offered knowledge of Lightning Bolt by Vehumet.
 35834 | D:15     | Found a staircase to the Depths.
 36212 | D:15     | Shot with a bolt by a yaktaur

Illustrated notes

Levels and vault maps discovered:
D:1:      dpeg_arrival_concentric_ovals, layout_loops_ring,
          ebering_ecumenical_altar_sacrificial
D:2:      layout_basic, uniq_robin, uniq_sigmund
D:3:      layout_rooms, general_overflow_altar, uniq_terence, uniq_grinder,
          uniq_natasha
D:4:      layout_loops_ring, serial_shops, kennysheep_mini
D:5:      layout_basic, regret_index_temple_of_mockery, marbit_many_paths,
          nicolae_ru_awakened_eye
D:6:      layout_rooms, makhleb_blood_cavern_becter,
          chequers_temple_overflow_statue_of_worship,
          minmay_temple_entry_stoned_glass
D:7:      layout_loops_cross, grunt_gozag_statues, serial_shops, shop,
          minmay_manual_mandibuliform, uniq_harold
D:8:      layout_gridville, zin_academy, minmay_liquid_box, uniq_grum
D:9:      layout_loops_ring
D:10:     minmay_gate_of_8, layout_stronghold, nicolae_dithmenos_shadow_blocks,
          kennysheep_slug_shrine, mainiacjoe_overflow_chevrons, erik_orc_1,
          serial_shops, nicolae_shop_behind_doors
D:11:     layout_rooms, erik_lair_island, serial_bayou_ford_a, minivault_5,
          tso_oasis_becter, uniq_psyche
D:12:     layout_stronghold, amcnicky_mini_rare_corridor_liquid, uniq_urug
D:13:     layout_loops_cross, ploomutoo_gammafunk_ghost_potion_laboratory,
          serial_rivers, chequers_serial_rivers_small_3,
          chequers_serial_rivers_small_3, chequers_serial_rivers_small_3,
          chequers_serial_rivers_micro_c
D:14:     layout_roguey, grunt_vaults_entry_tiered
D:15:     hangedman_depths_entry_civil_slaughter, layout_gridville,
          minmay_fractal_squares_gapless_7
Lair:1:   layout_loops_ring, grunt_forest_small_clearing_treed,
          grunt_megastairs_1
Lair:2:   layout_roguey, serial_forest, infiniplex_forest_lined_1,
          infiniplex_forest_clump_small, infiniplex_forest_straight_2,
          infiniplex_forest_zigzag_1, infiniplex_forest_end_1,
          infiniplex_forest_straight_5, infiniplex_forest_straight_2,
          infiniplex_forest_clump_cross, infiniplex_forest_end_3,
          gammafunk_ghost_cemetery, infiniplex_staircase_pool_2
Lair:3:   layout_regular_city, minmay_shoals_entry_hut, minmay_lair_oklob_items
Lair:4:   layout_loops_ring, guppyfry_snake_entry_garden
Lair:5:   dpeg_oklob_gauntlet, layout_cave_pods
Lair:6:   cheibrodos_lair_end_hotspot, layout_regular_city,
          minmay_slime_entry_jelly_boxes, basic_altar, gammafunk_ghost_split
Orc:1:    layout_caves, serial_shops, shop, shop_fountains,
          nicolae_shop_crystal, mines2_david
Orc:2:    st_orc_town, layout_diamond_mine, basic_altar,
          nicolae_orc_pool_cavern, minmay_orc_barracks

Skill      XL: |  1  2  3  4  5  6  7  8  9 10 11 12 13 14 15 |
---------------+----------------------------------------------+-----
Ice Magic      | 5 6 7 8 9 10 11 12 13 | 13.4
Shields        | 1 2 4 |  4.0
Spellcasting   | 4 5 6 10 11 14 | 14.4
Short Blades   | 3 4 5 6 8 9 |  9.8
Dodging        | 4 5 6 7 8 10 11 12 | 12.0
Fighting       | 1 3 5 6 7 8 |  8.3
Conjurations   | 1 3 5 8 9 10 | 10.0
Translocations | 1 2 4 6 7 10 | 10.0
Air Magic      | 5 7 8 |  8.0
Earth Magic    | 4 6 |  6.0
Fire Magic     | 3 4 |  4.0
Armour         | 2 4 |  4.0
Stealth        | |  2.4

Action                   |  1- 3 |  4- 6 |  7- 9 | 10-12 | 13-15 || total
-------------------------+-------+-------+-------+-------+-------++-------
Melee: Dagger            |     4 |     2 |       |       |       ||     6
       Short sword       |       |    36 |       |       |       ||    36
       Rapier            |       |    36 |   138 |   327 |   560 ||  1061
 Cast: Freeze            |    40 |    15 |    31 |    25 |     6 ||   117
       Frozen Ramparts   |     5 |    17 |    27 |    72 |    89 ||   210
       Ozocubu's Armour  |       |     3 |    12 |    26 |    48 ||    89
       Shock             |       |       |     9 |     3 |       ||    12
       Swiftness         |       |       |     2 |     4 |       ||     6
       Static Discharge  |       |       |       |    15 |    24 ||    39
       Stone Arrow       |       |       |       |    18 |    13 ||    31
       Sticky Flame      |       |       |       |    12 |    65 ||    77
       Passwall          |       |       |       |       |     2 ||     2
       Ozocubu's Refrige |       |       |       |       |    98 ||    98
       Iron Shot         |       |       |       |       |     3 ||     3
  Use: Scroll            |       |     7 |     6 |    13 |     9 ||    35
       Potion            |       |     1 |     1 |     3 |     4 ||     9
 Stab: Sleeping          |     3 |     4 |     7 |     6 |     1 ||    21
Armor: Robe              |     8 |    18 |    99 |   160 |   150 ||   435
       Leather armour    |       |       |       |       |    71 ||    71
Dodge: Dodged            |    31 |    54 |   119 |   207 |   370 ||   781
Block: Buckler           |       |     8 |    57 |    76 |   213 ||   354
       Reflection        |       |       |       |       |    13 ||    13

Table legend: (Time is in decaauts)
 A = Elapsed time spent in this place.
 B = Non-inter-level travel time spent in this place.
 C = Inter-level travel time spent in this place.
 D = Time resting spent in this place.
 E = Time spent auto-exploring this place.
 F = Levels seen in this place.
 G = Mean time per level.
                   A        B        C        D        E       F      G
               +--------+--------+--------+--------+--------+-----+--------+
         Total |  36172 |  33186 |   2986 |   2803 |  25315 |  23 | 1572.7 |
       Dungeon |  22459 |  20122 |   2337 |   1778 |  15250 |  15 | 1497.3 |
          Lair |  11349 |  10819 |    530 |   1025 |   8115 |   6 | 1891.5 |
  Orcish Mines |   2363 |   2244 |    119 |      0 |   1949 |   2 | 1181.5 |
               +--------+--------+--------+--------+--------+-----+--------+

Top non-repeatable levels by time:
  Lair:6: 3419 daAuts
    D:10: 2944 daAuts
  Lair:1: 2028 daAuts
     D:5: 1974 daAuts
   Orc:2: 1740 daAuts
    D:12: 1695 daAuts
     D:2: 1652 daAuts
  Lair:3: 1643 daAuts
  Lair:5: 1635 daAuts
  Lair:2: 1572 daAuts
     D:6: 1550 daAuts
    D:14: 1536 daAuts
     D:7: 1536 daAuts
     D:8: 1521 daAuts
    D:13: 1518 daAuts
